 Dungeon Crawl Stone Soup version 0.31-a0-4-gefa6de2278 (webtiles) character file.

Game seed: 12964778598341411999

18 Griffin23 the Covered (level 2, 27/27 HPs)
             Began as a Minotaur Fighter on Feb 17, 2023.
             Quit the game on level 1 of the Dungeon on May 5, 2023.
             The game lasted 00:01:29 (339 turns).

Griffin23 the Covered (Minotaur Fighter)             Turns: 339, Time: 00:01:30

Health: 27/27      AC:  7    Str: 20    XL:     2   Next: 51%
Magic:  1/1        EV:  9    Int:  5    God:
Gold:   33         SH:  4    Dex:  9    Spells: 1/1 levels left

rFire   . . .        a - +0 long sword
rCold   . . .        c - +0 buckler
rNeg    . . .        b - +0 scale mail
rPois   .            (helmet restricted)
rElec   .            (no cloak)
rCorr   .            (no gloves)
SInv    .            (no boots)
Will    .....        (no amulet) Stlth
                     (no ring)
HPRegen 0.24/turn    (no ring)
MPRegen 0.07/turn

%: no passive effects
@: no status effects
A: horns 2, retaliatory headbutt
a: no special abilities


You were on level 1 of the Dungeon.
You visited 1 branch of the dungeon, and saw 1 of its levels.

You collected 33 gold pieces.

Inventory:

Hand Weapons
 a - a +0 long sword (weapon)
Armour
 b - a +0 scale mail (worn)
 c - a +0 buckler (worn)
Scrolls
 e - a scroll of teleportation {unknown}
 g - a scroll of amnesia {unknown}
Potions
 d - a potion of might
 f - 2 potions of lignification {unknown}
 h - a potion of heal wounds {unknown}


   Skills:
 + Level 3.8 Fighting
 + Level 2.9 Long Blades
 + Level 4.2 Armour
 + Level 3.8 Shields


You had one spell level left.
You didn't know any spells.
Your spell library contained the following spells:

 Spells                   Type           Power      Damage    Failure   Level
 Lesser Beckoning         Tloc           0%         N/A       95%         2
 Gell's Gravitas          Tloc           0%         N/A       99%         3
 Teleport Other           Tloc           0%         N/A       99%         3


Dungeon Overview and Level Annotations

Branches:
Dungeon (1/15)

Altars:


Innate Abilities, Weirdness & Mutations

You have a pair of horns on your head.
You reflexively headbutt those who attack you in melee.


Message History

You kill the endoplasm!
No target in view!
HP restored.
Found a stone staircase leading down.
A goblin comes into view. It is wielding a +0 club.
The goblin shouts!
The goblin hits you but does no damage.
A goblin is nearby!
You hit the goblin but do no damage. The goblin barely misses you.
A goblin is nearby!
A goblin is nearby!
You hit the goblin.
You kill the goblin!
Key pressed, stopping explore.
No target in view!
There is a stone staircase leading down here.
You see here a +0 club.
A rat comes into view.
A rat is nearby!
A rat is nearby!
You slash the rat!
You kill the rat!
You now have 33 gold pieces (gained 4).
h - an orange potion No target in view!
f - 2 fizzy yellow potions (gained 1)
A bat comes into view.
You barely miss the bat. You block the bat's attack.
A bat is nearby!
A bat is nearby!
The bat hits you but does no damage.
A bat is nearby!
You slash the bat!
You kill the bat!
A ball python comes into view.
A ball python is nearby!
A ball python is nearby!
Welcome back, Griffin23 the Minotaur Fighter.
Press ? for a list of commands and other information.
Are you sure you want to abandon this character and quit the game? (Confirm with "yes".)

#. #. ########### #.
##........... ##.
#... ....#.. .. #..#
# #.#.. #. #..#
#.#.. ##S## #..#
####.#..
#..@####..###...†...
#...................
#...####..######.#..
##### #..######.#..
#.........#..
##.########.#
#...........
###.........
#.######.#


You could see a ball python.

Vanquished Creatures
  2 bats (D:1)
  4 endoplasms (D:1)
  A goblin (D:1)
  2 hobgoblins (D:1)
  2 jackals (D:1)
  2 kobolds (D:1)
  2 rats (D:1)
15 creatures vanquished.

Notes
Turn   | Place    | Note
-------+----------+-------------------------------------------
     0 | D:1      | Griffin23 the Minotaur Fighter began the quest for the Orb.
     0 | D:1      | Reached XP level 1. HP: 19/19 MP: 0/0
    71 | D:1      | Reached XP level 2. HP: 18/27 MP: 1/1
    72 | D:1      | Reached skill level 4 in Armour
   133 | D:1      | Upgraded the game from 0.30-a0-779-g7971cf19c3 to
                  | 0.31-a0-4-gefa6de2278
   339 | D:1      | Quit the game

Illustrated notes

Levels and vault maps discovered:
D:1:      scummos_arrival_forest, layout_loops_ring,
          hellmonk_ecumenical_altar_lost_god

Skill      XL: |  1  2 |
---------------+-------+-----
Armour         | 4 |  4.2
Fighting       | |  3.8
Long Blades    | |  2.9
Shields        | |  3.8

Action                     || total
---------------------------++-------
  Melee: Long sword        ||    37
         Headbutt          ||     4
 Armour: Scale mail        ||    15
  Dodge: Dodged            ||    16
  Block: Buckler           ||    10

Table legend: (Time is in decaauts)
 A = Elapsed time spent in this place.
 B = Non-inter-level travel time spent in this place.
 C = Inter-level travel time spent in this place.
 D = Time resting spent in this place.
 E = Time spent auto-exploring this place.
 F = Levels seen in this place.
 G = Mean time per level.
                   A        B        C        D        E       F      G
               +--------+--------+--------+--------+--------+-----+--------+
         Total |    350 |    350 |      0 |      0 |    267 |   1 |  350.0 |
       Dungeon |    350 |    350 |      0 |      0 |    267 |   1 |  350.0 |
               +--------+--------+--------+--------+--------+-----+--------+

Top non-repeatable levels by time:
     D:1: 350 daAuts
